 Dungeon Crawl Stone Soup version 0.23.2-33-g5129a83184 (webtiles) character file.

Game seed: 11512315666626858500

42 psyvane the Vandal (level 3, -6/24 HPs)
             Began as a Halfling Hunter on June 30, 2019.
             Mangled by Sigmund
             ... wielding a +2 scythe of freezing
              (11 damage)
             ... on level 2 of the Dungeon.
             The game lasted 00:01:43 (209 turns).

psyvane the Vandal (Halfling Hunter)                 Turns: 209, Time: 00:01:44

Health: -6/24      AC:  3    Str: 13    XL:     3   Next: 77%
Magic:  3/3        EV: 14    Int:  9    God:
Gold:   31         SH:  0    Dex: 15    Spells: 2/2 levels left

rFire    . . .     SeeInvis .   a - +1 hunting sling
rCold    . . .     Gourm    .   (shield restricted)
rNeg     . . .     Faith    .   c - +0 leather armour
rPois    .         Spirit   .   (no helmet)
rElec    .         Reflect  .   (no cloak)
rCorr    .         Harm     .   (no gloves)
MR       .....                  (no boots)
Stlth    ++........             (no amulet)
HPRegen  0.08/turn              (no ring)
MPRegen  0.08/turn              (no ring)

@: no status effects
A: small, mutation resistance 1
a: no special abilities


You were on level 2 of the Dungeon.
You were not hungry.

You visited 1 branch of the dungeon, and saw 2 of its levels.

You collected 31 gold pieces.

Inventory:

Hand Weapons
 a - a +1 hunting sling (weapon)
 b - a +0 short sword
Missiles
 d - 30 sling bullets (quivered)
Armour
 c - a +0 leather armour (worn)
Scrolls
 e - a scroll of identify {unknown}
Comestibles
 f - a ration


   Skills:
 - Level 1.8 Fighting
 - Level 7.1 Slings
 - Level 2.2 Dodging
 * Level 1.9 Stealth


You had 2 spell levels left.
You didn't know any spells.
Your spell library was empty.

Dungeon Overview and Level Annotations

Branches:
Dungeon (1/15)

Altars:

Annotations:
D:2 Sigmund


Innate Abilities, Weirdness & Mutations

You are small and have problems with some larger weapons.
You are somewhat resistant to further mutation.


Message History

The kobold hits you but does no damage.
You are too injured to fight recklessly!
You are too injured to fight recklessly!
Firing (i - inventory)
d - 33 sling bullets (quivered)
Press: ? - help, Shift-Dir - straight line, f - kobold
Aim: a kobold, wielding a +0 dagger You shoot a sling bullet.
The sling bullet hits the kobold!
You kill the kobold!
Firing (i - inventory)
d - 32 sling bullets (quivered)
Press: ? - help, Shift-Dir - straight line, f - quokka
Aim: a quokka You shoot a sling bullet.
The sling bullet hits the quokka!
You kill the quokka!
Firing (i - inventory)
d - 31 sling bullets (quivered)
Press: ? - help, Shift-Dir - straight line, f - kobold
Aim: a kobold, wielding a +0 short sword You shoot a sling bullet.
The sling bullet hits the kobold!
You kill the kobold!
Something hits you!
You die...

#K##..####..#
#....$.((K..#
####..#####. #......#
# ##K###.#.# #.#
#.#.# #.# #.#.###.#
#)###.......#
#.(.@...#####
#####.### #.# #.####
#.##.. #.##.# #.##.#
### ######.##.#
#.............#####.#


There were no monsters in sight!

Vanquished Creatures
  A bullfrog skeleton (D:2)
  An ooze (D:2)
  A dart slug (D:2)
  A goblin (D:1)
  2 quokkas (D:2)
  A bat (D:1)
  2 kobolds (D:2)
  A rat (D:2)
10 creatures vanquished.

Notes
Turn   | Place    | Note
-------+----------+-------------------------------------------
     0 | D:1      | psyvane the Halfling Hunter began the quest for the Orb.
     0 | D:1      | Reached XP level 1. HP: 14/14 MP: 1/1
     2 | D:1      | Noticed a felid
     2 | D:1      | Noticed an elf
     4 | D:1      | Noticed a ghoul
     4 | D:1      | Noticed a centaur
     6 | D:1      | Noticed a gargoyle
     8 | D:1      | Noticed a halfling
     8 | D:1      | Noticed an ogre
    12 | D:1      | Noticed a merfolk
    12 | D:1      | Noticed a tengu
    14 | D:1      | Noticed an octopode
    14 | D:1      | Noticed a demonspawn
    16 | D:1      | Noticed a demigod
    16 | D:1      | Noticed a troll
    18 | D:1      | Noticed a vampire
    18 | D:1      | Noticed a minotaur
    20 | D:1      | Noticed a vine stalker
    20 | D:1      | Noticed a human
    22 | D:1      | Noticed a draconian
    24 | D:1      | Noticed a dwarf
    24 | D:1      | Noticed a naga
    26 | D:1      | Noticed a spriggan
    26 | D:1      | Noticed a formicid
    75 | D:1      | Reached skill level 6 in Slings
   115 | D:1      | You fall through a shaft!
   121 | D:2      | Reached skill level 7 in Slings
   121 | D:2      | Reached XP level 2. HP: 19/19 MP: 2/2
   121 | D:2      | Reached XP level 3. HP: 24/24 MP: 3/3
   183 | D:2      | Noticed Sigmund
   209 | D:2      | Mangled by Sigmund

Skill      XL: |  1 |
---------------+----+-----
Slings         | 7 |  7.1
Fighting       | |  1.8
Dodging        | |  2.2
Stealth        | |  1.9

Action                   || total
-------------------------++-------
 Fire: Hunting sling     ||    29
Dodge: Dodged            ||     5
